 Dungeon Crawl Stone Soup version 0.19.0 (webtiles) character file.

94292 Jerry the Phalangite (level 15, -7/122 HPs)
             Began as a Minotaur Monk on Nov 1, 2016.
             Was the Champion of Hepliaklqana.
             Killed from afar by a thorn hunter (8 damage)
             ... with a volley of thorns
             ... on level 4 of the Swamp.
             The game lasted 02:50:23 (30931 turns).

Jerry the Phalangite (Minotaur Monk)               Turns: 30931, Time: 02:50:23

Health: -7/122     AC: 23    Str: 20    XL:     15   Next: 63%
Magic:  12/12      EV: 12    Int:  9    God:    Hepliaklqana [******]
Gold:   2285       SH: 10    Dex: 17    Spells: 2 memorised, 10 levels left

rFire  + + +     SeeInvis .     q - +3 spear (pierce)
rCold  x . .     Gourm    .     I - +0 fire dragon scales
rNeg   . . .     Faith    .     S - +0 buckler "Zaizaov" {rF+ Stlth+}
rPois  +         Spirit   .     (helmet restricted)
rElec  .         Reflect  +     j - +2 cloak
rCorr  .         Harm     .     F - +0 pair of gloves
MR     ++...     Clarity  +     h - +2 pair of boots
Stlth  +.........               B - +3 amulet of reflection
                                T - ring of protection from magic
                                J - ring of poison resistance

@: no status effects
A: retaliatory headbutt, reduced essence, horns 2, agile 1, blurry vision 2,
clarity, clever 1, fire resistance 1, low mp 1
a: Recall Ancestor, Ancestor Identity, Transference, Idealise, Renounce Religion


You were on level 4 of the Swamp.
You worshipped Hepliaklqana.
Hepliaklqana was exalted by your worship.
You were hungry.

You visited 4 branches of the dungeon, and saw 25 of its levels.
You also visited: Labyrinth.

You collected 2532 gold pieces.
You spent 247 gold pieces at shops.

Inventory:

Hand Weapons
 q - a +3 spear of piercing (weapon)
Missiles
 l - 24 javelins (quivered)
Armour
 h - a +2 pair of boots (worn)
 j - a +2 cloak (worn)
 F - a +0 pair of gloves (worn)
 I - +0 fire dragon scales (worn)
 S - the +0 buckler "Zaizaov" (worn) {rF+ Stlth+}
   (You bought it in a shop on level 8 of the Dungeon)

   It protects you from fire.
   It makes you more stealthy.
Jewellery
 b - an uncursed ring of resist corrosion
 i - an uncursed ring of see invisible
 u - a cursed ring of teleportation {unknown}
 v - an uncursed ring of ice {unknown}
 B - a +3 amulet of reflection (around neck)
 J - a ring of poison resistance (left hand)
 T - a ring of protection from magic (right hand)
Wands
 o - a wand of confusion (22/48)
 r - a wand of teleportation (3/9)
 s - a wand of paralysis (13/24)
 x - a wand of flame (23/48)
 y - a wand of enslavement (19/24)
 C - a wand of disintegration (3/24)
 E - a wand of paralysis (15/24)
Scrolls
 d - 2 scrolls of fear
 e - 5 scrolls of teleportation
 g - 5 scrolls of identify
 n - 4 scrolls of enchant armour
 p - a scroll of magic mapping
 Q - 2 scrolls of blinking
 R - a scroll of fog
 W - 2 scrolls of remove curse
Potions
 a - 3 potions of cure mutation {unknown}
 f - 3 potions of curing
 k - a potion of ambrosia
 t - a potion of resistance
 K - a potion of cancellation
 N - 4 potions of degeneration {unknown}
 Y - a potion of flight
Comestibles
 c - 11 bread rations
 m - 2 chunks of flesh
 z - 10 meat rations
 M - 25 fruits
 U - 9 royal jellies


   Skills:
 + Level 13.6 Fighting
 + Level 21.1 Polearms
 - Level 17.3 Armour
 - Level 3.2 Dodging
 - Level 1.5 Stealth
 + Level 10.0 Shields


You had 10 spell levels left.
You knew the following spells:

 Your Spells              Type           Power        Failure   Level  Hunger
a - Swiftness             Chrm/Air       #.......     96%         2    ###....
b - Repel Missiles        Chrm/Air       #.....       96%         2    ###....


Dungeon Overview and Level Annotations

Branches:
Dungeon (14/15)            Temple (1/1) D:6            Lair (6/6) D:9
  Swamp (4/4) Lair:2        Snake (0/4) Lair:4        Slime (0/5) Lair:5
    Orc (0/2) D:11         Vaults (0/5) D:14

Altars:
Ashenzari
Cheibriados
Dithmenos
Elyvilon
Gozag
Hepliaklqana
Kikubaaqudgha
Makhleb
Nemelex Xobeh
Okawaru
Qazlal
Ru
Sif Muna
Uskayaw
Vehumet
Xom
Yredelemnul
Zin
Beogh

Shops:
D:8 [

Annotations:
Swamp:2 exclusion: Roxanne, Roxanne
Swamp:4 baghtru's ghost, adept HOFi


Innate Abilities, Weirdness & Mutations

You reflexively headbutt those who attack you in melee.
You have a pair of horns on your head.
Your life essence is reduced. (-10% HP)
You are agile. (Dex +2)
Scrolls take you longer to read.
You possess an exceptional clarity of mind.
Your mind is acute. (Int +2)
Your flesh is heat resistant. (rF+)
Your magical capacity is low. (-10% MP)


Message History

* * * LOW HITPOINT WARNING * * *
Baghtru's ghost hits you but does no damage.
Heyronimus hits the four-headed hydra with a dagger of draining!
Heyronimus drains the four-headed hydra!
You block the six-headed hydra's attack. x2
The six-headed hydra bites you but does no damage.
You block the six-headed hydra's attack.
The six-headed hydra bites you!
* * * LOW HITPOINT WARNING * * *
The six-headed hydra bites you but does no damage.
The thorn hunter gestures.
The thorn hunter fires a volley of thorns at you.
The volley of thorns hits you!
* * * LOW HITPOINT WARNING * * *
There is a stone staircase leading up here.
You can't go down here!
You block baghtru's ghost's attack.
The thorn hunter fires a volley of thorns at you.
The volley of thorns hits you!
You die...

. ♣≈≈≈PPPPPP♣♣.≈≈)♣♣≈.♣♣♣≈
≈. ♣≈≈≈≈≈≈≈≈§♣♣≈...≈♣♣♣♣♣≈≈
≈≈.♣♣♣..≈≈.≈≈♣♣♣♣♣≈≈.♣♣ ♣♣♣
≈≈≈.≈≈.≈≈≈≈≈≈.♣PP≈.≈.≈♣
.≈≈≈.†≈≈≈....≈♣P..♣♣♣♣♣
.≈≈≈≈≈≈≈R≈≈≈...≈≈..♣♣♣
≈≈≈..≈≈§≈≈DDD≈♣.....≈♣♣
≈≈≈≈≈PP≈kPfWD♣♣♣♣.≈...♣
≈.≈≈≈.P≈PP.@.♣♣≈.≈≈≈..♣
≈.≈....≈P.....≈♣≈.≈≈.≈♣♣♣♣♣
..≈.≈.≈≈P♣♣..♣♣.♣♣§≈≈....≈♣♣
♣♣♣...§♣♣♣♣♣♣♣♣♣.♣...≈≈.≈≈..
♣.≈.♣ ♣♣♣♣♣♣♣♣.≈≈≈. #.≈^
♣♣.≈§. #.≈. ♣.... #. ♣♣≈.≈
♣♣.≈≈


You could see the friendly Heyronimus the hexer, a thorn hunter, a seven-headed
hydra, 2 six-headed hydras, a four-headed hydra, a swamp drake and baghtru's
ghost.

Vanquished Creatures
  2 thorn hunters
  Aizul (Swamp:1)
  Nessos (Lair:5)
  A fire dragon (Lair:6)
  A minotaur (Lab)
  13 hydras
  2 catoblepae (Lair:3)
  A ghost crab (Swamp:3)
  9 alligators
  3 death yaks (Lair:1)
  A tengu warrior (D:14)
  Urug (Lair:4)
  An iron troll (D:14)
  3 spriggans
  A spriggan druid (Swamp:3)
  An unseen horror (D:13)
  A swamp dragon (Swamp:1)
  4 hill giants
  A lindwurm (Lair:6)
  2 deep elf magi (D:12)
  An oklob plant (Lair:5)
  3 ugly things
  A manticore (D:14)
  2 centaur zombies
  A cyclops (D:11)
  3 black mambas
  An elephant (Lair:2)
  2 guardian serpents (D:13)
  7 torpor snails
  Joseph (D:8)
  9 spiny frogs
  A gargoyle (D:12)
  A rime drake (shapeshifter) (D:14)
  2 komodo dragons
  5 trolls
  A two-headed ogre (D:14)
  2 polar bears
  A harpy zombie (D:14)
  10 tyrant leeches
  15 slime creatures
  9 hornets
  11 blink frogs
  10 bog bodies
  A dream sheep (Lair:2)
  12 hippogriffs
  The ghost of Jorund the Tormented, an amateur OpNe of Kikubaaqudgha (D:4)
  A shadow (D:12)
  4 wyverns
  A vampire (D:14)
  A wyvern (shapeshifter) (D:13)
  4 basilisks
  30 yaks
  10 vampire mosquitoes
  2 wargs (D:9)
  2 hungry ghosts
  12 swamp worms
  2 mottled dragons
  6 nagas (Lair:4)
  12 insubstantial wisps
  7 water moccasins
  3 soldier ants
  5 orc warriors (D:9)
  5 porcupines
  6 swamp drakes
  2 necrophages
  4 ice beasts
  2 phantoms
  5 sky beasts
  2 black bears
  8 ogres
  4 centaurs
  6 crocodiles
  2 wyvern zombies
  A big kobold (D:9)
  17 bullfrogs
  A wyvern skeleton (D:12)
  6 scorpions
  6 killer bees (D:8)
  11 wights
  2 electric eels
  2 howler monkeys
  A hexer (Lair:4)
  8 crimson imps
  11 hounds
  A quasit (D:8)
  Crazy Yiuf (D:6)
  A jelly (D:12)
  6 orc wizards
  11 orc priests
  3 centaur skeletons
  2 bullfrog skeletons
  5 iguanas
  7 worker ants
  A hound zombie (D:6)
  The ghost of sheala the Sneak, a weakling HEEn (D:3)
  A hound skeleton (D:8)
  A worker ant zombie (D:7)
  2 gnolls (D:8)
  10 adders
  2 shadow imps
  2 oozes
  An adder skeleton (D:9)
  4 worms
  3 dart slugs
  5 leopard geckos
  47 orcs
  3 ball pythons
  13 hobgoblins
  24 jackals
  15 kobolds
  4 quokkas
  5 bats
  12 frilled lizards
  A giant cockroach zombie (D:4)
  5 goblins
  2 leopard gecko skeletons (D:4)
  2 quokka skeletons
  8 rats
588 creatures vanquished.

Vanquished Creatures (collateral kills)
  2 hydras
  A catoblepas (Lair:6)
  2 alligators
  A death yak (Lair:1)
  A tengu warrior (D:14)
  A hill giant (D:14)
  A lindwurm (D:14)
  2 black mambas
  2 elephants (Lair:2)
  A centaur skeleton (D:14)
  2 spiny frogs
  2 komodo dragons (Lair:2)
  3 hornets
  A troll (D:12)
  A tyrant leech (Swamp:1)
  A slime creature (D:13)
  4 blink frogs
  A dream sheep (Lair:2)
  A shadow (Swamp:1)
  2 spriggans (Swamp:2)
  4 yaks
  4 basilisks
  3 vampire mosquitoes
  A mottled dragon (D:14)
  2 insubstantial wisps
  4 swamp worms
  3 water moccasins
  An orc warrior (D:9)
  An ice beast (D:8)
  2 phantoms
  A centaur (D:12)
  2 crocodiles
  3 bullfrogs
  2 wights (D:11)
  A howler monkey (D:9)
  3 electric eels
  2 hounds
  A jelly (D:9)
  A worker ant (D:9)
  A gnoll (D:8)
  A leopard gecko (D:9)
  5 orcs (D:9)
  A quokka (D:9)
  2 fungi (Lair:6)
83 creatures vanquished.

Vanquished Creatures (others)
  A rakshasa (D:14)
  25 hexers
  A bat (D:1)
  18 fungi
  22 plants (Lair:6)
  10 toadstools (Lair:3)
77 creatures vanquished.

Grand Total: 748 creatures vanquished

Notes
Turn   | Place    | Note
-------+----------+-------------------------------------------
     0 | D:1      | Jerry the Minotaur Monk began the quest for the Orb.
     0 | D:1      | Reached XP level 1. HP: 19/19 MP: 0/0
    32 | D:1      | Reached skill level 1 in Armour
    34 | D:1      | Reached skill level 4 in Polearms
    35 | D:1      | Reached XP level 2. HP: 21/26 MP: 1/1
   526 | D:1      | Reached XP level 3. HP: 31/31 MP: 2/2
  1112 | D:2      | Found a faded altar of an unknown god.
  1123 | D:2      | Reached skill level 5 in Polearms
  1123 | D:2      | Reached XP level 4. HP: 21/39 MP: 3/3
  1832 | D:3      | Noticed sheala's ghost (weakling HEEn)
  1855 | D:3      | Killed sheala's ghost
  2202 | D:3      | Noticed a phantom
  2247 | D:3      | Killed a phantom
  2247 | D:3      | Reached skill level 6 in Polearms
  2247 | D:3      | Reached XP level 5. HP: 31/45 MP: 4/4
  2550 | D:4      | Reached XP level 6. HP: 51/51 MP: 5/5
  2562 | D:4      | Reached skill level 5 in Armour
  2886 | D:4      | You fall through a shaft!
  2886 | D:5      | Entered Level 5 of the Dungeon
  3167 | D:4      | Noticed Jorund's ghost (amateur OpNe)
  3174 | D:4      | Killed Jorund's ghost
  3174 | D:4      | Reached skill level 7 in Polearms
  3174 | D:4      | Reached XP level 7. HP: 57/57 MP: 6/6
  3686 | D:5      | Reached skill level 8 in Polearms
  3804 | D:6      | Gained mutation: Your mind is acute. (Int +2) [mutagenic meat]
  3911 | D:6      | Reached XP level 8. HP: 64/64 MP: 7/7
  3948 | D:6      | Found a snail-covered altar of Cheibriados.
  3985 | D:6      | Reached skill level 9 in Polearms
  4252 | D:6      | Found a staircase to the Ecumenical Temple.
  4439 | D:6      | Found a runed door.
  4443 | D:6      | Noticed Crazy Yiuf
  4447 | D:6      | Killed Crazy Yiuf
  4545 | D:7      | Reached skill level 10 in Polearms
  5037 | D:7      | Reached XP level 9. HP: 70/70 MP: 8/8
  5056 | D:7      | Reached skill level 10 in Armour
  5091 | D:7      | Gained mutation: Your flesh is heat resistant. (rF+) [mutagenic meat]
  5092 | D:7      | Gained mutation: Scrolls take you a little longer to read. [mutagenic meat]
  5093 | D:7      | Gained mutation: Scrolls take you longer to read. [mutagenic meat]
  5094 | D:7      | Gained mutation: You possess an exceptional clarity of mind. [mutagenic meat]
  5095 | D:7      | Gained mutation: Your magical capacity is low. (-10% MP) [mutagenic meat]
  5291 | Temple   | Entered the Ecumenical Temple
  5326 | Temple   | Became a worshipper of Hepliaklqana the Forgotten
  5326 | Temple   | Reached * piety under Hepliaklqana
  5326 | Temple   | Reached ** piety under Hepliaklqana
  5327 | Temple   | Remembered your ancestor Heyronimus as a hexer
  5423 | D:8      | Noticed a purple ugly thing
  5433 | D:8      | Killed a purple ugly thing
  5433 | D:8      | Reached skill level 11 in Polearms
  5650 | D:8      | Noticed Joseph
  5665 | D:8      | Killed Joseph
  5665 | D:8      | Reached skill level 12 in Polearms
  5995 | D:8      | Found Resya's Antique Armour Emporium.
  6003 | D:8      | Bought a faintly glowing buckler for 247 gold pieces
  6008 | D:8      | Identified the cursed +0 buckler "Zaizaov" {rF+ Stlth+} (You bought it in a shop on level 8 of the Dungeon)
  6229 | D:8      | Reached skill level 1 in Shields
  6229 | D:8      | Reached XP level 10. HP: 69/69 MP: 8/8
  6644 | D:9      | Reached skill level 13 in Polearms
  6924 | D:9      | Found a burning altar of Makhleb.
  7073 | D:9      | Found a staircase to the Lair.
  7526 | D:9      | Reached skill level 5 in Fighting
  7579 | D:9      | HP: 1/74 [orc warrior/glaive (9)]
  8260 | D:9      | Found a roughly hewn altar of Beogh.
  8351 | D:9      | Reached *** piety under Hepliaklqana
  8524 | D:10     | Entered Level 10 of the Dungeon
  8539 | D:10     | Gained mutation: You are agile. (Dex +2) [potion of beneficial mutation]
  8577 | D:10     | Noticed a hill giant
  8593 | D:10     | Killed a hill giant
  8593 | D:10     | Reached skill level 14 in Polearms
  8685 | D:10     | Reached XP level 11. HP: 77/82 MP: 8/8
  9008 | Lair:1   | Entered Level 1 of the Lair of Beasts
  9245 | Lair:1   | Learned a level 2 spell: Swiftness
  9248 | Lair:1   | Learned a level 2 spell: Repel Missiles
  9698 | Lair:1   | Noticed a death yak
  9698 | Lair:1   | Noticed a death yak
  9699 | Lair:1   | Noticed a death yak
  9700 | Lair:1   | Noticed a death yak
  9719 | Lair:1   | Killed a death yak
  9735 | Lair:1   | Killed a death yak
  9751 | Lair:1   | Killed a death yak
  9751 | Lair:1   | Reached skill level 15 in Polearms
  9792 | Lair:1   | Killed a death yak
 10356 | Lair:2   | Reached skill level 10 in Fighting
 10408 | Lair:2   | Found a staircase to the Swamp.
 10428 | Lair:2   | Reached **** piety under Hepliaklqana
 10723 | Lair:2   | Noticed a four-headed hydra
 10731 | Lair:2   | Killed a four-headed hydra
 10921 | Lair:2   | Reached skill level 16 in Polearms
 10921 | Lair:2   | Reached XP level 12. HP: 64/97 MP: 9/9
 11296 | Lair:3   | Noticed a seven-headed hydra
 11304 | Lair:3   | Killed a seven-headed hydra
 11408 | Lair:3   | Identified the Guide on Creative Ignition
 11743 | Lair:3   | Found a runed door.
 12103 | Lair:3   | HP: 3/97 [electric eel/bolt of electricity (6)]
 12488 | Lair:3   | Noticed a catoblepas
 12488 | Lair:3   | Noticed a catoblepas
 12500 | Lair:3   | Killed a catoblepas
 12508 | Lair:3   | Killed a catoblepas
 13162 | Lair:4   | Found a staircase to the Snake Pit.
 13211 | Lair:4   | Reached ***** piety under Hepliaklqana
 13252 | Lair:4   | Noticed Urug
 13286 | Lair:4   | Killed Urug
 13349 | Lair:4   | Reached skill level 17 in Polearms
 14267 | Lair:5   | Found a staircase to the Slime Pits.
 14323 | Lair:5   | Noticed Nessos
 14332 | Lair:5   | Killed Nessos
 14368 | Lair:5   | Noticed a seven-headed hydra
 14377 | Lair:5   | Killed a seven-headed hydra
 14449 | Lair:5   | Reached XP level 13. HP: 49/103 MP: 10/10
 15269 | Lair:6   | Entered Level 6 of the Lair of Beasts
 15532 | Lair:6   | Reached skill level 18 in Polearms
 15653 | Lair:6   | Reached skill level 15 in Armour
 15971 | Lair:6   | Found a runed door.
 17589 | Lair:6   | Reached skill level 19 in Polearms
 17907 | Lair:6   | Noticed a fire dragon
 17922 | Lair:6   | Killed a fire dragon
 18369 | D:11     | Found a sacrificial altar of Ru.
 18698 | D:11     | Found a staircase to the Orcish Mines.
 19138 | D:12     | Reached XP level 14. HP: 79/109 MP: 11/11
 20164 | D:13     | Found a labyrinth entrance.
 20378 | Lab      | Entered a labyrinth
 20932 | Lab      | Identified Teyxko's Compendium of Freezing Shape Shifting
 21613 | D:13     | Identified a +0 rod of ignition (12/12) (You found it on level 6 of the Lair of Beasts)
 22026 | D:14     | Reached skill level 20 in Polearms
 22204 | D:14     | Reached skill level 5 in Shields
 22688 | D:14     | Found a gate to the Vaults.
 22997 | D:14     | Reached ****** piety under Hepliaklqana
 24023 | Swamp:1  | Entered Level 1 of the Swamp
 24672 | Swamp:1  | Noticed Aizul
 24723 | Swamp:1  | Killed Aizul
 26187 | Swamp:1  | Reached XP level 15. HP: 76/119 MP: 12/12
 28282 | Swamp:2  | Noticed Roxanne
 28886 | Swamp:3  | Noticed a thorn hunter
 28911 | Swamp:3  | Killed a thorn hunter
 29398 | Swamp:3  | Reached skill level 21 in Polearms
 29970 | Swamp:4  | Entered Level 4 of the Swamp
 30125 | Swamp:4  | Noticed a thorn hunter
 30153 | Swamp:4  | Killed a thorn hunter
 30318 | Swamp:4  | Noticed baghtru's ghost (adept HOFi)
 30918 | Swamp:4  | Noticed a thorn hunter
 30921 | Swamp:4  | Reached skill level 10 in Shields
 30930 | Swamp:4  | HP: 1/122 [thorn hunter/volley of thorns (14)]
 30931 | Swamp:4  | Killed from afar by a thorn hunter

Skill      XL: |  1  2  3  4  5  6  7  8  9 10 11 12 13 14 15 |
---------------+----------------------------------------------+-----
Armour         | 1 2 4 6 7 9 11 12 14 16 17 | 17.3
Polearms       | 4 5 6 7 8 10 12 14 16 17 19 20 21 | 21.1
Shields        | 1 4 7 10 | 10.0
Fighting       | 7 10 12 13 | 13.6
Dodging        | |  3.2
Stealth        | |  1.5

Action                   |  1- 3 |  4- 6 |  7- 9 | 10-12 | 13-15 || total
-------------------------+-------+-------+-------+-------+-------++-------
Melee: Spear             |   114 |   161 |   346 |   292 |  1093 ||  2006
       Headbutt          |    12 |    18 |    58 |   160 |   453 ||   701
       Trident           |       |       |       |   623 |   916 ||  1539
Throw: Javelin           |     4 |       |     1 |     6 |     3 ||    14
Invok: Recall Ancestor   |       |       |     2 |       |     1 ||     3
       Ancestor Life: He |       |       |     1 |       |       ||     1
       Ancestor Identity |       |       |     1 |       |       ||     1
 Abil: Evoke Berserk Rag |       |     2 |     5 |     6 |     2 ||    15
Evoke: Wand              |       |       |       |     4 |     9 ||    13
  Use: Scroll            |       |       |     2 |    22 |    18 ||    42
       Potion            |       |       |       |     7 |    13 ||    20
 Stab: Sleeping          |     7 |       |       |     2 |     7 ||    16
       Confused          |       |       |     3 |     8 |    15 ||    26
       Distracted        |       |       |       |    10 |    39 ||    49
       Paralysed         |       |       |       |     4 |    12 ||    16
       Invisible         |       |       |       |       |     5 ||     5
  Eat: Chunk             |     1 |     7 |    19 |    23 |    49 ||    99
       Beef jerky        |       |       |     1 |     6 |     4 ||    11
       Pizza             |       |       |       |     1 |     2 ||     3
       Fruit             |       |       |       |       |     2 ||     2
Armor: Robe              |    15 |     3 |       |       |       ||    18
       Scale mail        |       |    28 |    65 |   139 |   162 ||   394
       Skin              |       |       |       |    18 |    39 ||    57
       Fire dragon scale |       |       |       |       |   400 ||   400
Dodge: Dodged            |    49 |    45 |    74 |   196 |   518 ||   882
Block: Buckler           |       |       |       |    86 |   335 ||   421
